 Dungeon Crawl Stone Soup version 0.30-a0-743-gbfdf073431 (webtiles) character file.

Game seed: 2278265030512638216

39 Monkooky the Caller (level 3, -6/37 HPs)
             Began as an Ogre Summoner on Feb 5, 2023.
             Was a High Priest of Ignis.
             Mangled by Crazy Yiuf
             ... wielding a +2 quarterstaff of chaos
              (17 damage)
             ... on level 2 of the Dungeon.
             The game lasted 00:03:03 (986 turns).

Monkooky the Caller (Ogre Summoner)                  Turns: 986, Time: 00:03:04

Health: -6/37      AC:  3    Str: 18    XL:     3   Next: 45%
Magic:  1/6        EV:  9    Int: 18    God:    Ignis [*****.]
Gold:   34         SH:  0    Dex:  9    Spells: 2/6 levels left

rFire   + . .      SeeInvis .    i - +0 spear
rCold   . . .      Faith    .    (no shield)
rNeg    . . .      Spirit   .    a - +0 robe
rPois   .          Reflect  .    (helmet restricted)
rElec   .          Harm     .    (no cloak)
rCorr   .          Rampage  .    (gloves unavailable)
Will    .....                    (boots unavailable)
Stlth   +                        (no amulet)
HPRegen 0.26/turn                e - +6 ring of strength
MPRegen 0.10/turn                (no ring)

@: no status effects
A: large, unfitting armour, tough skin 1
a: Renounce Religion, Fiery Armour, Foxfire Swarm, Rising Flame


You were on level 2 of the Dungeon.
You worshipped Ignis.
Ignis was extremely pleased with you.
You visited 1 branch of the dungeon, and saw 2 of its levels.

You collected 34 gold pieces.

Inventory:

Hand Weapons
 f - a +0 dagger
 i - a +0 spear (weapon)
Missiles
 g - 4 boomerangs
Armour
 a - a +0 robe (worn)
Jewellery
 e - a +6 ring of strength (left hand)
 p - an amulet of guardian spirit
Scrolls
 k - a scroll of identify {unknown}
 l - a scroll of immolation {unknown}
 m - a scroll of fear {unknown}
 n - a scroll of enchant armour {unknown}
 o - a scroll of amnesia {unknown}
Potions
 b - a potion of magic
 c - 2 potions of flight {unknown}
 d - a potion of might {unknown}
 h - a potion of mutation {unknown}
 j - a potion of haste {unknown}


   Skills:
 - Level 3.5 Fighting
 - Level 1.7 Dodging
 - Level 1.4 Stealth
 - Level 2.4 Spellcasting
 + Level 3.8 Summonings


You had 2 spell levels left.
You knew the following spells:

 Your Spells              Type           Power      Damage    Failure   Level
a - Summon Small Mammal   Summ           64%        N/A       3%          1
b - Call Canine Familiar  Summ           16%        N/A       11%         3

Your spell library contained the following spells:

 Spells                   Type           Power      Damage    Failure   Level
 Call Imp                 Summ           16%        N/A       5%          2
 Summon Guardian Golem    Hex/Summ       9%         N/A       24%         3
 Inner Flame              Hex/Fire       2%         N/A       45%         3
 Summon Lightning Spire   Summ/Air       9%         N/A       61%         4
 Flame Wave               Conj/Fire      2%         2d4       86%         4
 Sticky Flame             Conj/Fire      2%         2d3       86%         4
 Borgnjor's Revivificati  Necr           1%         N/A       100%        8
 Necromutation            Tmut/Necr      1%         N/A       100%        8
 Death's Door             Necr           1%         N/A       100%        9


Dungeon Overview and Level Annotations

Branches:
Dungeon (2/15)

Altars:
Ignis

Annotations:
D:1 exclusion: downstairs
D:2 Crazy Yiuf


Innate Abilities, Weirdness & Mutations

You are too large for most types of armour.
You have tough skin. (AC +1)


Message History

You see here a +0 hammer.
Crazy Yiuf says, "Iron!"
Crazy Yiuf cries, "Trifle unthinkable seventy!"
There is a stone staircase leading up here.
You climb upwards.
There is a stone staircase leading down here.
You start resting.
Magic restored.
(D) Dungeon
Where to? (Enter - D:2, ? - help)
There is a stone staircase leading down here.
You climb downwards.
Level annotation: Crazy Yiuf Crazy Yiuf whimpers, "Peeping snockshim snockshim!"
There is a stone staircase leading up here.
Crazy Yiuf is nearby!
Casting: Call Canine Familiar (dangerous; 11% risk of failure)
Press: ? - help, Q - select action, (/) - cycle Dir - look around, f - activate Reach: i) +0 spear
Press: ? - help, Dir - move target, f - Crazy Yiuf
Aim: Crazy Yiuf, wielding a +2 quarterstaff of chaos and wearing a +0 cloak (ally target, about 39% to evade your +0 spear)
You reach to attack!
You barely miss Crazy Yiuf. You hit Crazy Yiuf.
Crazy Yiuf is moderately wounded.
Your hound bites Crazy Yiuf.
Crazy Yiuf cries, "Island!
Earwax hand high."
Crazy Yiuf hits you with a +2 quarterstaff of chaos!
You feel your power leaking away.
Your hound bites Crazy Yiuf but does no damage.
You hit Crazy Yiuf but do no damage.
Crazy Yiuf is heavily wounded.
Your hound bites Crazy Yiuf.
Crazy Yiuf barely misses your hound.
Your hound closely misses Crazy Yiuf.
You hit Crazy Yiuf but do no damage.
Crazy Yiuf is severely wounded.
Crazy Yiuf laughs, "Blight canine chair!"
Crazy Yiuf hits you with a +2 quarterstaff of chaos!
* * * LOW HITPOINT WARNING * * *
You are electrocuted!
You die...

##### #)..# #...#
#)..# ##'## ♣)♣♣
♣♣g♣ ♣.♣♣ ######
♣♣)♣ #..@.# ♣♣.♣♣
#..g.# ♣♣..)♣
#.†h.# ♣....♣
######....# #....#
#.........#
#....###.....#.###
#..........<.#.#
##.#.............[.
#..).)......#.####


You could see Crazy Yiuf (ally target) and a friendly hound (summoned).

Vanquished Creatures
  3 goblins (D:1)
  A hobgoblin (D:1)
  2 kobolds (D:1)
  A ball python (D:1)
  2 bats (D:1)
  A frilled lizard (D:1)
  4 rats (D:1)
14 creatures vanquished.

Vanquished Creatures (collateral kills)
  3 dart slugs
  2 endoplasms (D:1)
  A giant cockroach (D:1)
  A goblin (D:1)
  A hobgoblin (D:1)
  2 quokkas (D:1)
  3 ball pythons
  2 bats (D:1)
  A frilled lizard (D:1)
  4 kobolds (D:1)
20 creatures vanquished.

Grand Total: 34 creatures vanquished

Notes
Turn   | Place    | Note
-------+----------+-------------------------------------------
     0 | D:1      | Monkooky the Ogre Summoner began the quest for the Orb.
     0 | D:1      | Reached XP level 1. HP: 16/16 MP: 3/3
    12 | D:1      | Found a faded altar of an unknown god.
    24 | D:1      | Prayed at the altar of an unknown god.
    24 | D:1      | Became a worshipper of Ignis, the Dying Flame
    91 | D:1      | Reached skill level 1 in Fighting
   161 | D:1      | Reached XP level 2. HP: 21/28 MP: 1/5
   463 | D:1      | Reached XP level 3. HP: 36/37 MP: 6/6
   483 | D:1      | Learned a level 3 spell: Call Canine Familiar
   882 | D:2      | Found a runed translucent door.
   883 | D:2      | Noticed Crazy Yiuf
   986 | D:2      | Mangled by Crazy Yiuf

Illustrated notes

Levels and vault maps discovered:
D:1:      giann_forest_graveyard, layout_basic, basic_ecumenical_altar
D:2:      layout_rooms, serial_shops, shop_statue, uniq_terence, uniq_jessica,
          uniq_crazy_yiuf_cottage

Skill      XL: |  1  2 |
---------------+-------+-----
Fighting       | 2 3 |  3.5
Dodging        | |  1.7
Stealth        | |  1.4
Spellcasting   | |  2.4
Summonings     | |  3.8

Action                     || total
---------------------------++-------
  Melee: Unarmed           ||    42
         Dagger            ||    27
         Punch             ||     2
         Spear             ||    19
   Cast: Summon Small Mamm ||    18
         Call Canine Famil ||     7
   Stab: Distracted        ||     1
         Sleeping          ||     1
 Armour: Robe              ||    35
  Dodge: Dodged            ||    51

Table legend: (Time is in decaauts)
 A = Elapsed time spent in this place.
 B = Non-inter-level travel time spent in this place.
 C = Inter-level travel time spent in this place.
 D = Time resting spent in this place.
 E = Time spent auto-exploring this place.
 F = Levels seen in this place.
 G = Mean time per level.
                   A        B        C        D        E       F      G
               +--------+--------+--------+--------+--------+-----+--------+
         Total |    987 |    941 |     46 |     39 |    612 |   2 |  493.5 |
       Dungeon |    987 |    941 |     46 |     39 |    612 |   2 |  493.5 |
               +--------+--------+--------+--------+--------+-----+--------+

Top non-repeatable levels by time:
     D:1: 897 daAuts
     D:2: 90 daAuts
